 Dungeon Crawl Stone Soup version 0.27-a0-1202-ge72e49191c (webtiles) character file.

Game seed: 461219819799593091

469 funkygono the Stinger (level 7, -14/46 HPs)
             Began as a Formicid Venom Mage on June 5, 2021.
             Demolished by a two-headed ogre
             ... wielding a +0 giant club
              (21 damage)
             ... on level 7 of the Dungeon.
             The game lasted 00:12:50 (5789 turns).

funkygono the Stinger (Formicid Venom Mage)         Turns: 5789, Time: 00:12:51

Health: -14/46     AC:  6    Str: 13    XL:     7   Next: 30%
Magic:  13/14      EV: 12    Int: 16    God:
Gold:   111        SH:  0    Dex: 11    Spells: 2/15 levels left

rFire    . . .     SeeInvis +   b - +1 whip
rCold    . . .     Faith    .   (no shield)
rNeg     . . .     Spirit   .   a - +0 robe
rPois    .         Reflect  .   (helmet unavailable)
rElec    .         Harm     .   u - +0 cloak
rCorr    .         Rampage  .   r - +0 pair of gloves
Will     .....                  f - +1 pair of boots
Stlth    ++........             (no amulet)
HPRegen  0.15/turn              (no ring)
MPRegen  0.14/turn              (no ring)

@: no status effects
A: permanent stasis, dig shafts and tunnels, antennae 3, four strong arms
a: Dig, Shaft Self


You were on level 7 of the Dungeon.
You visited 1 branch of the dungeon, and saw 5 of its levels.

You collected 111 gold pieces.

Inventory:

Hand Weapons
 b - a +1 whip (weapon)
 t - a +4 quarterstaff of chaos
 v - a +2 dagger of venom
Missiles
 h - 106 stones
Armour
 a - a +0 robe (worn)
 c - a +0 buckler
 f - a +1 pair of boots (worn)
 r - a +0 pair of gloves (worn)
 u - a +0 cloak (worn)
 w - a +0 leather armour
Wands
 l - a wand of digging (3)
Scrolls
 i - a scroll of enchant armour
 j - a scroll of enchant weapon
 m - a scroll of amnesia
 o - a scroll of fog
Potions
 d - 2 potions of heal wounds {unknown}
 e - 2 potions of curing {unknown}
 g - a potion of cancellation {unknown}
 k - a potion of degeneration {unknown}
 n - a potion of resistance {unknown}
 p - a potion of ambrosia {unknown}
 q - a potion of invisibility {unknown}
 s - a potion of berserk rage {unknown}


   Skills:
 + Level 0.5 Maces & Flails
 + Level 2.2 Dodging
 - Level 2.4 Stealth
 * Level 4.8 Spellcasting
 * Level 3.0 Transmutations
 * Level 1.3 Fire Magic
 * Level 1.4 Air Magic
 * Level 6.3 Poison Magic


You had 2 spell levels left.
You knew the following spells:

 Your Spells              Type           Power      Damage    Failure   Level
a - Sting                 Tmut/Pois      72%        1d6       2%          1
b - Poisonous Vapours     Pois/Air       32%        N/A       4%          2
c - Ignite Poison         Fire/Tmut/Pois 15%        N/A       11%         3
d - Mephitic Cloud        Conj/Pois/Air  12%        N/A       16%         3
e - Olgreb's Toxic Radia  Pois           24%        N/A       12%         4

Your spell library contained the following spells:

 Spells                   Type           Power      Damage    Failure   Level
 Animate Skeleton         Necr           6%         N/A       16%         1
 Apportation              Tloc           6%         N/A       16%         1
 Corona                   Hex            3%         N/A       16%         1
 Magic Dart               Conj           12%        1d3       16%         1
 Summon Small Mammal      Summ           12%        N/A       16%         1
 Searing Ray              Conj           6%         3d3       24%         2
 Dazzling Flash           Conj/Hex       6%         N/A       43%         3
 Fulminant Prism          Conj/Hex       1%         3d6       83%         4
 Iskenderun's Mystic Bla  Conj/Tloc      3%         2d3       83%         4


Dungeon Overview and Level Annotations

Branches:
Dungeon (4/15)
 Temple: D:4-7

Altars:
Gozag

Shops:
D:2 ?


Innate Abilities, Weirdness & Mutations

You cannot be hasted, slowed, berserked, paralysed or teleported.
You can dig through walls and to a lower floor.
You have a pair of large antennae on your head. (SInv)
Your four strong arms can wield two-handed weapons with a shield.


Message History

Aiming: Sting (safe; 2% risk of failure)
Press: ? - help, Shift-Dir - straight line, f/p - two-headed ogre
Aim: a two-headed ogre, wielding two +0 giant clubs (heavily wounded, 88% to hit)
The sting hits the two-headed ogre but does no damage.
The two-headed ogre is poisoned.
The two-headed ogre is heavily wounded.
The two-headed ogre closely misses you. The two-headed ogre barely misses you.
Casting: Sting (safe; 2% risk of failure)
Confirm with . or Enter, or press ? or * to list all spells.
Aiming: Sting (safe; 2% risk of failure)
Press: ? - help, Shift-Dir - straight line, f/p - two-headed ogre
Aim: a two-headed ogre, wielding two +0 giant clubs (heavily wounded, poisoned, 88% to hit)
The sting hits the two-headed ogre but does no damage.
The two-headed ogre looks even sicker.
The two-headed ogre is heavily wounded.
There is a stone staircase leading down here.
The two-headed ogre looks more healthy.
The two-headed ogre hits you but does no damage.
The two-headed ogre closely misses you.
Casting: Sting (safe; 2% risk of failure)
Confirm with . or Enter, or press ? or * to list all spells.
Aiming: Sting (safe; 2% risk of failure)
Press: ? - help, Shift-Dir - straight line, f/p - two-headed ogre
Aim: a two-headed ogre, wielding two +0 giant clubs (heavily wounded, 88% to hit)
The sting hits the two-headed ogre but does no damage.
The two-headed ogre is poisoned.
The two-headed ogre is heavily wounded.
Unknown command.
The two-headed ogre looks more healthy.
There is a stone staircase leading down here.
Casting: Sting (safe; 2% risk of failure)
Confirm with . or Enter, or press ? or * to list all spells.
Aiming: Sting (safe; 2% risk of failure)
Press: ? - help, Shift-Dir - straight line, f/p - two-headed ogre
Aim: a two-headed ogre, wielding two +0 giant clubs (heavily wounded, 88% to hit)
The sting misses the two-headed ogre.
The two-headed ogre hits you with a +0 giant club!
* * * LOW HITPOINT WARNING * * *
The two-headed ogre hits you with a +0 giant club!!
You die...

##### #...# #...# ##
#...# #...
###############...##.....
...?......O@.............
#.......#####.....##.....
#.......#####.#..........
#..#.......>.......#..###
#.....##.#.$......## ..#
...#.##..#.....#..# .# .#
#.............## #
...........####
..............


You could see a two-headed ogre.

Vanquished Creatures
  Sigmund (D:2)
  Crazy Yiuf (D:3)
  An orc priest (D:4)
  An iguana (D:4)
  Terence (D:3)
  An orc wizard (D:4)
  8 adders
  2 dart slugs
  7 orcs
  4 ball pythons
  8 bats
  8 endoplasms
  5 giant cockroaches
  7 goblins
  5 hobgoblins
  15 jackals
  3 quokkas
  3 frilled lizards
  6 kobolds
  6 rats
93 creatures vanquished.

Notes
Turn   | Place    | Note
-------+----------+-------------------------------------------
     0 | D:1      | funkygono the Formicid Venom Mage began the quest for the
                  | Orb.
     0 | D:1      | Reached XP level 1. HP: 13/13 MP: 3/3
   165 | D:1      | Reached XP level 2. HP: 19/19 MP: 3/5
   837 | D:1      | Reached XP level 3. HP: 24/24 MP: 3/6
   911 | D:1      | Found a faded altar of an unknown god.
  1091 | D:1      | Learned a level 2 spell: Poisonous Vapours
  1095 | D:1      | Learned a level 3 spell: Ignite Poison
  1611 | D:2      | Noticed Sigmund
  2070 | D:2      | Reached XP level 4. HP: 30/30 MP: 2/8
  2153 | D:2      | Found Zayshyw's Magic Scroll Shoppe.
  2302 | D:2      | Killed Sigmund
  2303 | D:2      | Reached skill level 1 in Fire Magic
  2303 | D:2      | Reached skill level 5 in Poison Magic
  2303 | D:2      | Reached XP level 5. HP: 15/35 MP: 2/10
  2303 | D:2      | Reached XP level 6. HP: 18/41 MP: 2/11
  2631 | D:2      | Learned a level 4 spell: Olgreb's Toxic Radiance
  3305 | D:3      | Reached skill level 6 in Poison Magic
  3416 | D:3      | Noticed Terence
  3428 | D:3      | Killed Terence
  3634 | D:3      | Reached skill level 1 in Air Magic
  4621 | D:3      | Found a runed translucent door.
  4622 | D:3      | Noticed Crazy Yiuf
  4640 | D:3      | Killed Crazy Yiuf
  4806 | D:3      | Learned a level 3 spell: Mephitic Cloud
  4900 | D:4      | Reached XP level 7. HP: 41/46 MP: 6/13
  5309 | D:4      | Found an opulent altar of Gozag.
  5674 | D:4      | You fall into a shaft and drop 3 floors!
  5678 | D:7      | Noticed a two-headed ogre
  5789 | D:7      | Demolished by a two-headed ogre

Illustrated notes

Levels and vault maps discovered:
D:1:      dpeg_arrival_chambers_temple_mockup, layout_loops_ring,
          shapermc_ecumenical_altar_mp_vishouse, minivault_14,
          minmay_close_crescents
D:2:      cheibrodos_helix_gallery, layout_rooms, serial_shops, shop,
          minmay_misc_feat_iff, serial_bayou_crossing, uniq_sigmund
D:3:      layout_loops_ring, minmay_box_of_dots, uniq_crazy_yiuf_cottage,
          uniq_terence
D:4:      layout_layer_cave, grunt_gozag_breadcrumbs, uniq_menkaure, uniq_pikel,
          uniq_robin
D:7:      layout_rooms, uniq_maggie

Skill      XL: |  1  2  3  4  5  6  7 |
---------------+----------------------+-----
Dodging        | 2 |  2.2
Spellcasting   | 3 4 |  4.8
Transmutations | 2 3 |  3.0
Fire Magic     | 1 |  1.3
Poison Magic   | 5 6 |  6.3
Air Magic      | 1 |  1.4
Maces & Flails | |  0.5
Stealth        | |  2.4

Action                   |  1- 3 |  4- 6 |  7- 9 || total
-------------------------+-------+-------+-------++-------
Melee: Whip              |    22 |    25 |    10 ||    57
 Cast: Sting             |    45 |    37 |    28 ||   110
       Poisonous Vapours |     3 |    17 |       ||    20
       Ignite Poison     |     1 |     1 |     2 ||     4
       Olgreb's Toxic Ra |       |     4 |     2 ||     6
       Mephitic Cloud    |       |       |     1 ||     1
  Use: Scroll            |     4 |     5 |       ||     9
Armor: Robe              |    12 |    10 |     4 ||    26
Dodge: Dodged            |    40 |    20 |    15 ||    75

Table legend: (Time is in decaauts)
 A = Elapsed time spent in this place.
 B = Non-inter-level travel time spent in this place.
 C = Inter-level travel time spent in this place.
 D = Time resting spent in this place.
 E = Time spent auto-exploring this place.
 F = Levels seen in this place.
 G = Mean time per level.
                   A        B        C        D        E       F      G
               +--------+--------+--------+--------+--------+-----+--------+
         Total |   5805 |   5523 |    282 |    458 |   4042 |   5 | 1161.0 |
       Dungeon |   5805 |   5523 |    282 |    458 |   4042 |   5 | 1161.0 |
               +--------+--------+--------+--------+--------+-----+--------+

Top non-repeatable levels by time:
     D:1: 2063 daAuts
     D:3: 1554 daAuts
     D:2: 1249 daAuts
     D:4: 822 daAuts
     D:7: 114 daAuts
